 Dungeon Crawl Stone Soup version 0.28-a0-32-g8dfe7f97f6 (webtiles) character file.

Game seed: 12380959368689212385

5257 grindst0ne the Fighter (level 10, -4/90 HPs)
             Began as a Palentonga Fighter on July 27, 2021.
             Was a Believer of Cheibriados.
             Slain by a two-headed ogre (5 damage)
             ... on level 10 of the Dungeon.
             The game lasted 00:14:00 (11292 turns).

grindst0ne the Fighter (Palentonga Fighter)        Turns: 11292, Time: 00:14:01

Health: -4/90      AC: 19    Str: 25    XL:     10   Next: 36%
Magic:  0/14       EV:  6    Int: 15    God:    Cheibriados [**....]
Gold:   263        SH:  0    Dex: 16    Spells: 9/9 levels left

rFire   + . .      SeeInvis +   T - +0 battleaxe
rCold   . . .      Faith    .   (shield currently unavailable)
rNeg    . . .      Spirit   +   D - +0 chain mail {rF+}
rPois   +          Reflect  .   u - +0 helmet
rElec   .          Harm     .   (no cloak)
rCorr   .          Rampage  .   j - +1 pair of gloves
Will    .....                   (no barding)
Stlth   ..........              e - amulet of guardian spirit
HPRegen 0.25/turn               F - +4 ring of slaying
MPRegen 0.14/turn               w - ring of poison resistance

@: studying Fighting, curled up, very slow
A: large, rugged brown scales 3, see invisible, deformed body, roll 1, armoured
tail, reflexive curl
a: Rolling Charge, Renounce Religion, Bend Time


You were on level 10 of the Dungeon.
You worshipped Cheibriados.
Cheibriados was pleased with you.
You visited 2 branches of the dungeon, and saw 11 of its levels.
You also visited: Sewer.

You collected 383 gold pieces.
You spent 120 gold pieces at shops.

Inventory:

Hand Weapons
 T - a +0 battleaxe (weapon)
 U - a +0 whip of flaming
Missiles
 k - 12 boomerangs
 y - a curare-tipped dart
 I - 3 boomerangs of dispersal
Armour
 c - a +0 kite shield
 j - a +1 pair of gloves (worn)
 u - a +0 helmet (worn)
 D - a +0 chain mail of fire resistance (worn)
 K - a +0 plate armour
Jewellery
 e - an amulet of guardian spirit (around neck)
 n - a ring of positive energy
 v - an amulet of reflection
 w - a ring of poison resistance (right hand)
 F - a +4 ring of slaying (left hand)
Wands
 p - a wand of polymorph (27)
 r - a wand of acid (4)
 t - a wand of mindburst (6)
 N - a wand of charming (8)
 R - a wand of iceblast (7)
Scrolls
 a - a scroll of enchant armour {unknown}
 f - 5 scrolls of magic mapping {unknown}
 g - 4 scrolls of teleportation
 s - 2 scrolls of amnesia {unknown}
 x - 3 scrolls of enchant weapon
 B - 3 scrolls of fog {unknown}
 C - a scroll of torment {unknown}
 G - a scroll of vulnerability
 H - 2 scrolls of immolation {unknown}
 J - 2 scrolls of noise {unknown}
 O - a scroll of brand weapon {unknown}
Potions
 d - 2 potions of might
 i - 5 potions of curing {unknown}
 l - 2 potions of invisibility {unknown}
 m - 4 potions of flight {unknown}
 z - 4 potions of haste {unknown}
 A - 4 potions of resistance {unknown}
 L - 3 potions of heal wounds
 P - a potion of cancellation {unknown}
 S - a potion of berserk rage {unknown}


   Skills:
 + Level 9.9 Fighting
 + Level 9.3 Axes
 + Level 6.1 Armour
 - Level 2.4 Shields
 + Level 5.6 Invocations


You had 9 spell levels left.
You didn't know any spells.
Your spell library contained the following spells:

 Spells                   Type           Power      Damage    Failure   Level
 Ignite Poison            Fire/Tmut/Pois 0%         N/A       99%         3
 Mephitic Cloud           Conj/Pois/Air  0%         N/A       99%         3
 Tukima's Dance           Hex            0%         N/A       99%         3
 Passage of Golubria      Tloc           N/A        N/A       100%        4
 Bolt of Magma            Conj/Fire/Erth 0%         4d4       100%        5
 Yara's Violent Unravell  Hex/Tmut       0%         3d3       100%        5


Dungeon Overview and Level Annotations

Branches:
Dungeon (10/15)            Temple (1/1) D:6           Sewer (visited)
   Lair: D:8-11         Orc: D:9-12

Altars:
Ashenzari
Cheibriados
Elyvilon
Fedhas
Hepliaklqana
Kikubaaqudgha
Makhleb
Nemelex Xobeh
Okawaru
Qazlal
Trog
Uskayaw
Vehumet
Wu Jian
Xom
Zin
The Shining One

Shops:
D:7 *


Innate Abilities, Weirdness & Mutations

You are completely covered in rugged brown scales. (AC +3, +7% HP)
You have supernaturally acute eyesight. (SInv)
Armour fits poorly on your strangely shaped body.
You can roll at nearby foes to attack.
You have a long armoured tail.
You curl defensively after being hit.


Message History

There is an open door here.
There is a stone staircase leading up here.
You climb upwards.
There is a stone staircase leading down here.
You can't go up here!
(D) Dungeon (T) Temple
Where to? (Enter - D:8, ? - help)
There is a stone staircase leading down here.
You climb downwards.
There is a stone staircase leading up here.
You can't go down here!
(D) Dungeon (T) Temple
Where to? (Enter - D:9, ? - help)
There is an open door here.
There is a stone staircase leading down here.
You climb downwards.
A two-headed ogre comes into view.
It is wielding a +0 giant club and a +0 giant spiked club.
The two-headed ogre shouts in stereo!
Found a scroll labelled KINTYRR WASO, a book of the Dragon and 15 gold pieces.
There is a stone staircase leading up here.
You can't go down here!
Found an embroidered scarf.
The two-headed ogre hits you with a +0 giant club!
The two-headed ogre hits you with a +0 giant spiked club!
You hit the two-headed ogre. You tail-slap the two-headed ogre.
The two-headed ogre is lightly wounded.
The two-headed ogre hits you with a +0 giant club!
The two-headed ogre barely misses you.
You hit the two-headed ogre. You tail-slap the two-headed ogre.
The two-headed ogre is moderately wounded.
The two-headed ogre hits you with a +0 giant club!!
The two-headed ogre hits you with a +0 giant spiked club!!
* * * LOW HITPOINT WARNING * * *
You slice the two-headed ogre!!
You tail-slap the two-headed ogre, but do no damage.
The two-headed ogre is severely wounded.
The two-headed ogre hits you with a +0 giant club!
* * * LOW HITPOINT WARNING * * *
The two-headed ogre hits you with a +0 giant spiked club.
You die...

#..######
#.......#
#.#.#.#.#
#.......####
#[#.#.#....#
#..........#
#.#.#.#....#
#.?...O@.<.#
##...............
#...............
#.$...:.........
#..#########...#
#.. ...# #. ..# #
.#


You could see a two-headed ogre.

Vanquished Creatures
  A two-headed ogre (D:9)
  Pikel (D:8)
  An unseen horror (D:8)
  A steam dragon (D:8)
  2 water moccasins (D:8)
  3 ice beasts
  3 orc warriors
  3 ogres
  2 necrophages
  2 centaurs
  3 kobold brigands
  A wyvern zombie (D:8)
  A bullfrog (D:8)
  A gnoll sergeant (D:5)
  4 scorpions
  A water moccasin zombie (D:6)
  6 killer bees
  6 howler monkeys
  3 wights (D:7)
  An electric eel (D:8)
  2 bullfrog zombies
  2 lava snakes (D:8)
  2 centaur zombies (D:8)
  2 hounds
  2 jellies
  2 orc priests
  2 bullfrog skeletons
  2 centaur skeletons
  2 iguanas
  2 scorpion zombies (D:5)
  5 orc wizards
  A hound skeleton (D:5)
  Robin (D:4)
  7 gnolls
  A howler monkey skeleton (D:7)
  7 adders
  2 adder skeletons
  8 worms
  A dart slug (D:1)
  27 orcs
  10 ball pythons
  7 bats
  12 endoplasms
  4 giant cockroaches
  13 goblins
  16 hobgoblins
  10 jackals
  4 quokkas
  3 frilled lizards
  11 kobolds
  14 rats
230 creatures vanquished.

Vanquished Creatures (others)
  16 plants (D:1)
16 creatures vanquished.

Grand Total: 246 creatures vanquished

Notes
Turn   | Place    | Note
-------+----------+-------------------------------------------
     0 | D:1      | grindst0ne the Palentonga Fighter began the quest for the
                  | Orb.
     0 | D:1      | Reached XP level 1. HP: 19/19 MP: 1/1
   121 | D:1      | Reached XP level 2. HP: 25/25 MP: 2/2
   461 | D:1      | Found a faded altar of an unknown god.
   627 | D:1      | Reached XP level 3. HP: 31/31 MP: 3/3
  1599 | D:2      | Reached XP level 4. HP: 36/39 MP: 4/4
  2390 | D:3      | Reached XP level 5. HP: 46/46 MP: 5/5
  2813 | D:3      | Found a broken altar of Ashenzari.
  3079 | D:4      | Noticed Robin
  3109 | D:4      | Reached skill level 5 in Fighting
  3117 | D:4      | Killed Robin
  3305 | D:4      | Reached XP level 6. HP: 26/54 MP: 4/6
  3311 | D:4      | Found a glowing drain.
  3326 | Sewer    | Entered a sewer
  3615 | Sewer    | Reached skill level 5 in Axes
  4003 | D:3      | Gained mutation: You curl defensively after being hit.
                  | [Palentonga growth]
  4003 | D:3      | Reached XP level 7. HP: 21/62 MP: 7/7
  4852 | D:5      | Entered Level 5 of the Dungeon
  5333 | D:5      | Reached XP level 8. HP: 32/71 MP: 4/8
  6387 | D:6      | Found a staircase to the Ecumenical Temple.
  6394 | Temple   | Entered the Ecumenical Temple
  6456 | Temple   | Became a worshipper of Cheibriados the Contemplative
  6913 | D:6      | Reached skill level 1 in Invocations
  6962 | D:6      | Reached XP level 9. HP: 63/79 MP: 8/10
  7449 | D:7      | Found a stormy altar of Qazlal.
  7561 | D:7      | Found a hazy altar of Hepliaklqana.
  7888 | D:7      | Found Ullud's Assorted Antiques.
  7908 | D:7      | Reached * piety under Cheibriados
  8112 | D:7      | Bought a scroll labelled KEHAGO CEEHUA for 30 gold pieces
  8112 | D:7      | Bought a scroll labelled EPARHU POREEW for 30 gold pieces
  8112 | D:7      | Bought a scroll labelled SUDWER CELUEC for 30 gold pieces
  8112 | D:7      | Bought a scroll labelled KINTYRR WASO for 30 gold pieces
  8818 | D:8      | Found a hide-covered altar of Uskayaw.
  8849 | D:8      | Noticed an unseen horror
  8859 | D:8      | Killed an unseen horror
  8860 | D:8      | Reached skill level 5 in Armour
  9065 | D:8      | Found a burning altar of Makhleb.
  9073 | D:8      | Found a white marble altar of Elyvilon.
  9613 | D:8      | Noticed Pikel
  9640 | D:8      | Killed Pikel
  9646 | D:8      | Reached ** piety under Cheibriados
  9647 | D:8      | Reached XP level 10. HP: 59/88 MP: 8/13
 10437 | D:9      | Reached skill level 5 in Invocations
 10682 | D:9      | Noticed a two-headed ogre
 10688 | D:9      | Killed a two-headed ogre
 11287 | D:10     | Entered Level 10 of the Dungeon
 11287 | D:10     | Noticed a two-headed ogre
 11292 | D:10     | HP: 1/90 [two-headed ogre (11)]
 11292 | D:10     | Slain by a two-headed ogre

Illustrated notes

Levels and vault maps discovered:
D:1:      dpeg_arrival_tiny_f, layout_basic, shapermc_ecumenical_altar_pompeii,
          minivault_23, grunt_decor_one_mirror, serial_bayou_lagoon_a
D:2:      layout_basic
D:3:      layout_rooms, nicolae_ashenzari_panopticon
D:4:      layout_layer_cave, cheibrodos_sewer_entry_sluice, uniq_robin
D:5:      layout_loops_ring
D:6:      layout_gridville, minmay_temple_entry_arrows,
          chequers_serial_rivers_marsh
D:7:      layout_loops_ring, nicolae_qazlal_scattered_showers, kennysheep_mini,
          nicolae_inconvenience_store
D:8:      layout_basic, nicolae_uskayaw_dance_hall,
          mainiacjoe_overflow_large_starburst, minivault_4, nrook_uturn,
          kennysheep_dice, uniq_pikel
D:9:      gammafunk_indiana_jones, layout_gridville, minmay_radiant
D:10:     layout_long_grid, serial_co_window_serial, co_window_of_opportunity_a,
          co_window_of_opportunity_a, co_window_cross_1,
          co_window_of_opportunity_a, co_window_corner_a, co_window_2corner,
          co_window_2corner, co_window_broadway_c, co_window_broadway_c,
          co_window_broadway_c, co_window_cross_2, co_window_paths_c,
          glass_columns_a, glass_columns_b, glass_columns_b
Temple:   eino_temple_rhombus

Skill      XL: |  1  2  3  4  5  6  7  8  9 10 |
---------------+-------------------------------+-----
Axes           | 3 4 5 6 7 8 9 |  9.3
Fighting       | 4 5 6 7 8 9 |  9.9
Armour         | 3 4 5 6 |  6.1
Invocations    | 1 4 5 |  5.6
Shields        | |  2.4

Action                   |  1- 3 |  4- 6 |  7- 9 | 10-12 || total
-------------------------+-------+-------+-------+-------++-------
Melee: War axe           |   124 |    90 |       |       ||   214
       Tailslap          |    13 |    24 |    49 |    13 ||    99
       Flail             |       |   140 |   321 |       ||   461
       Dagger            |       |       |    47 |       ||    47
       Battleaxe         |       |       |    22 |    58 ||    80
Evoke: Wand              |       |       |     6 |     4 ||    10
  Use: Scroll            |       |       |     5 |       ||     5
       Potion            |       |       |     1 |       ||     1
Armor: Scale mail        |    73 |   190 |    33 |       ||   296
       Chain mail        |       |       |   245 |    35 ||   280
       Skin              |       |       |    40 |       ||    40
Dodge: Dodged            |    34 |    67 |    60 |    30 ||   191
Block: Kite shield       |    70 |   140 |   231 |       ||   441

Table legend: (Time is in decaauts)
 A = Elapsed time spent in this place.
 B = Non-inter-level travel time spent in this place.
 C = Inter-level travel time spent in this place.
 D = Time resting spent in this place.
 E = Time spent auto-exploring this place.
 F = Levels seen in this place.
 G = Mean time per level.
                   A        B        C        D        E       F      G
               +--------+--------+--------+--------+--------+-----+--------+
         Total |  12631 |  12366 |    265 |   1280 |   8600 |  12 | 1052.6 |
       Dungeon |  11910 |  11665 |    245 |   1104 |   8263 |  10 | 1191.0 |
        Temple |     82 |     62 |     20 |      0 |     56 |   1 |   82.0 |
         Sewer |    637 |    637 |      0 |    176 |    281 |   1 |  637.0 |
               +--------+--------+--------+--------+--------+-----+--------+

Top non-repeatable levels by time:
     D:8: 2302 daAuts
     D:7: 1500 daAuts
     D:6: 1328 daAuts
     D:5: 1302 daAuts
     D:3: 1231 daAuts
     D:2: 1132 daAuts
     D:4: 1129 daAuts
     D:1: 998 daAuts
     D:9: 981 daAuts
   Sewer: 637 daAuts
  Temple: 82 daAuts
    D:10: 6 daAuts
